General information
- name: BNet
- type: Ladder team game (AT/RT)
- host: Battle.net
- saver: nlggerchamp
map: Cherryville
- players: 8
- length: 21:27
- speed: Fast
- version: 1.26 W3XP
- replay type: Public
» download(131 KB)
Players
team 1 (loser)

»
oddnut (
purple | 35 APM | 751 actions | 21:26)
6 Death Knight
2 Death Coil
3 Unholy Aura
1 Animate Dead
4 Crypt Lord
2 Impale
2 Carrion Beetles
» actions
| Assign group hotkey | 3 | |
| Basic commands | 1 | |
| Build / train | 59 | |
| Enter build submenu | 22 | |
| Enter hero's abilities submenu | 9 | |
| Right click | 324 | |
| Select / deselect | 261 | |
| Select group hotkey | 14 | |
| Use ability | 58 | |
751 total
» units
| Acolyte | 7 | |
| Ghoul | 4 | |
| Crypt Fiend | 9 | |
| Goblin Shredder | 2 | |
| Frost Wyrm | 5 | |
| Peon | 2 | |
| Gargoyle | 2 | |
31 total
» upgrades
| Creature Attack | 2 | |
| Web | 1 | |
| Freezing Breath | 1 | |
4 total
» buildings
| Altar of Darkness | 1 | |
| Ziggurat | 10 | |
| Crypt | 1 | |
| Graveyard | 1 | |
| Tomb of Relics | 1 | |
| Halls of the Dead | 1 | |
| Nerubian Tower | 1 | |
| Sacrificial Pit | 1 | |
| Black Citadel | 1 | |
| Spirit Tower | 3 | |
| Boneyard | 3 | |
| Altar of Storms | 1 | |
25 total
» build order
00:23 Altar of Darkness
00:25 Ziggurat
00:35 Crypt
01:16 Graveyard
01:21 Ziggurat
01:32 Tomb of Relics
03:32 Halls of the Dead
03:47 Nerubian Tower
03:50 Ziggurat
06:50 Sacrificial Pit
08:06 Black Citadel
08:09 Ziggurat
09:18 Ziggurat
09:20 Ziggurat
09:22 Ziggurat
09:25 Ziggurat
10:25 Spirit Tower
10:33 Boneyard
10:35 Boneyard
10:51 Boneyard
12:07 Ziggurat
16:31 Altar of Storms
16:33 Spirit Tower
16:35 Spirit Tower
18:56 Ziggurat
» items
| Rod of Necromancy | 1 | |
| Orb of Corruption | 1 | |
| Scroll of Town Portal | 1 | |
3 total
jonjonjon707 (
pink | 26 APM | 543 actions | 21:16)
3 Blademaster
2 Wind Walk
1 Mirror Image
1 Shadow Hunter
1 Serpent Ward
» actions
| Build / train | 40 | |
| Enter build submenu | 14 | |
| Enter hero's abilities submenu | 4 | |
| Right click | 296 | |
| Select / deselect | 168 | |
| Use ability | 21 | |
543 total
» units
| Peon | 9 | |
| Grunt | 6 | |
| Murloc Huntsman | 1 | |
| Assassin | 1 | |
| Troll Headhunter/Berserker | 5 | |
| Wind Rider | 8 | |
| Shaman | 2 | |
32 total
» buildings
| Orc Burrow | 5 | |
| Altar of Storms | 1 | |
| Barracks | 1 | |
| War Mill | 1 | |
| Stronghold | 1 | |
| Watch Tower | 1 | |
| Great Hall | 1 | |
| Beastiary | 1 | |
| Spirit Lodge | 1 | |
| Fortress | 1 | |
14 total
» build order
00:42 Orc Burrow
01:06 Altar of Storms
01:28 Barracks
01:52 War Mill
03:14 Orc Burrow
03:55 Stronghold
04:17 Orc Burrow
06:55 Orc Burrow
07:51 Watch Tower
10:50 Great Hall
11:52 Beastiary
11:57 Spirit Lodge
12:00 Fortress
19:35 Orc Burrow

»
skatefrogg (
yellow | 50 APM | 997 actions | 19:59)
4 Tauren Chieftain
2 Endurance Aura
2 Shockwave
» actions
| Assign group hotkey | 18 | |
| Basic commands | 74 | |
| Build / train | 53 | |
| Enter build submenu | 29 | |
| Enter hero's abilities submenu | 4 | |
| Give item / drop item | 2 | |
| Remove unit from queue | 2 | |
| Right click | 453 | |
| Select / deselect | 240 | |
| Select group hotkey | 80 | |
| Use ability | 42 | |
997 total
» units
» upgrades
| Armor | 2 | |
| Melee Weapons | 3 | |
| Pillage | 1 | |
| Pulverize | 1 | |
7 total
» buildings
| War Mill | 2 | |
| Altar of Storms | 1 | |
| Orc Burrow | 10 | |
| Stronghold | 1 | |
| Beastiary | 1 | |
| Great Hall | 1 | |
| Fortress | 1 | |
| Watch Tower | 6 | |
| Tauren Totem | 2 | |
25 total
» build order
01:02 War Mill
01:03 Altar of Storms
01:07 Orc Burrow
02:25 Stronghold
02:53 Orc Burrow
02:55 War Mill
04:10 Orc Burrow
05:11 Beastiary
06:20 Orc Burrow
07:03 Great Hall
07:46 Fortress
10:30 Watch Tower
10:34 Tauren Totem
10:47 Tauren Totem
10:53 Orc Burrow
12:52 Orc Burrow
13:51 Orc Burrow
14:11 Watch Tower
14:13 Watch Tower
14:45 Orc Burrow
15:07 Orc Burrow
15:34 Watch Tower
15:36 Watch Tower
19:40 Orc Burrow
19:44 Watch Tower
» items
| Orb of Corruption | 1 | |
| Potion of Healing | 1 | |
2 total
elcuco (
red | 57 APM | 840 actions | 14:46)
3 Blademaster
2 Wind Walk
1 Critical Strike
» actions
| Build / train | 43 | |
| Enter build submenu | 12 | |
| Enter hero's abilities submenu | 3 | |
| Give item / drop item | 1 | |
| Right click | 547 | |
| Select / deselect | 207 | |
| Use ability | 27 | |
840 total
» units
| Peon | 11 | |
| Grunt | 5 | |
| Troll Headhunter/Berserker | 2 | |
| Wind Rider | 8 | |
26 total
» upgrades
| Melee Weapons | 2 | |
| Armor | 2 | |
| Ranged Weapons | 2 | |
6 total
» buildings
| Orc Burrow | 6 | |
| Altar of Storms | 1 | |
| Barracks | 1 | |
| Stronghold | 1 | |
| War Mill | 1 | |
| Great Hall | 1 | |
| Beastiary | 2 | |
| Fortress | 1 | |
14 total
» build order
00:09 Orc Burrow
00:15 Altar of Storms
00:52 Barracks
01:42 Orc Burrow
02:43 Orc Burrow
03:53 Stronghold
04:04 War Mill
04:21 Orc Burrow
05:33 Great Hall
07:14 Beastiary
07:16 Beastiary
07:22 Orc Burrow
07:26 Orc Burrow
12:39 Fortress
» items
| Scroll of Healing | 3 | |
| Circlet of Nobility | 1 | |
| Boots of Speed | 1 | |
5 total
team 2 (winner)
ice_bird (
teal | 43 APM | 923 actions | 21:26)
5 Blademaster
3 Wind Walk
2 Critical Strike
4 Shadow Hunter
2 Hex
2 Healing Wave
» actions
| Assign group hotkey | 16 | |
| Build / train | 61 | |
| Enter build submenu | 24 | |
| Enter hero's abilities submenu | 9 | |
| Give item / drop item | 2 | |
| Remove unit from queue | 1 | |
| Right click | 390 | |
| Select / deselect | 261 | |
| Select group hotkey | 80 | |
| Use ability | 79 | |
923 total
» units
| Peon | 15 | |
| Grunt | 6 | |
| Raider | 4 | |
| Shaman | 2 | |
27 total
» upgrades
| Ensnare | 1 | |
| Shaman Training | 1 | |
| Melee Weapons | 2 | |
| Armor | 1 | |
5 total
» buildings
| Orc Burrow | 6 | |
| Altar of Storms | 2 | |
| Barracks | 2 | |
| Voodoo Lounge | 1 | |
| War Mill | 1 | |
| Stronghold | 4 | |
| Great Hall | 3 | |
| Watch Tower | 6 | |
| Spirit Lodge | 1 | |
| Beastiary | 1 | |
| Fortress | 3 | |
30 total
» build order
00:06 Orc Burrow
00:15 Altar of Storms
01:05 Barracks
01:55 Orc Burrow
02:00 Voodoo Lounge
02:34 War Mill
03:12 Orc Burrow
04:26 Orc Burrow
04:27 Stronghold
05:27 Great Hall
06:05 Watch Tower
06:08 Watch Tower
06:57 Spirit Lodge
07:13 Watch Tower
07:17 Watch Tower
07:58 Beastiary
11:22 Fortress
13:01 Orc Burrow
13:03 Orc Burrow
14:56 Great Hall
15:29 Altar of Storms
15:34 Barracks
16:52 Great Hall
17:39 Stronghold
17:40 Stronghold
17:50 Watch Tower
20:18 Fortress
20:18 Fortress
20:21 Watch Tower
» items
| Healing Salve | 4 | |
| Lesser Clarity Potion | 1 | |
| Scroll of Town Portal | 3 | |
| Periapt of Vitality | 1 | |
9 total
nlggerchamp (
green | 81 APM | 1742 actions | 21:27)
6 Mountain King
3 Storm Bolt
2 Bash
1 Avatar
5 Blood Mage
3 Banish
2 Flame Strike
» actions
| Assign group hotkey | 31 | |
| Basic commands | 9 | |
| Build / train | 96 | |
| ESC pressed | 2 | |
| Enter build submenu | 39 | |
| Enter hero's abilities submenu | 11 | |
| Give item / drop item | 7 | |
| Remove unit from queue | 1 | |
| Right click | 668 | |
| Select / deselect | 324 | |
| Select group hotkey | 461 | |
| Use ability | 93 | |
1742 total
» units
| Peasant | 20 | |
| Footman | 11 | |
| Gryphon Rider | 7 | |
| Dragonhawk Rider | 7 | |
45 total
» upgrades
| Masonry | 2 | |
| Defend | 1 | |
| Lumber Harvesting | 2 | |
| Swords | 3 | |
| Armor | 3 | |
| Animal War Training | 1 | |
| Storm Hammers | 1 | |
| Cloud | 1 | |
| Gunpowder | 1 | |
| Plating | 1 | |
16 total
» buildings
| Altar of Kings | 1 | |
| Farm | 10 | |
| Barracks | 1 | |
| Town Hall | 2 | |
| Scout Tower | 14 | |
| Lumber Mill | 1 | |
| Arcane Tower | 3 | |
| Guard Tower | 6 | |
| Arcane Vault | 1 | |
| Keep | 1 | |
| Castle | 1 | |
| Blacksmith | 1 | |
| Gryphon Aviary | 4 | |
46 total
» build order
00:03 Altar of Kings
00:11 Farm
00:21 Barracks
01:18 Farm
01:52 Farm
03:05 Town Hall
03:13 Scout Tower
03:23 Lumber Mill
03:42 Scout Tower
04:11 Arcane Tower
04:25 Scout Tower
04:43 Farm
04:54 Guard Tower
04:54 Guard Tower
05:16 Arcane Vault
05:42 Keep
06:20 Scout Tower
06:24 Scout Tower
06:49 Arcane Tower
06:51 Arcane Tower
06:56 Scout Tower
06:59 Scout Tower
07:28 Guard Tower
07:28 Guard Tower
07:40 Scout Tower
07:43 Scout Tower
08:08 Castle
08:11 Blacksmith
08:13 Guard Tower
09:06 Gryphon Aviary
09:08 Gryphon Aviary
09:39 Scout Tower
10:36 Guard Tower
10:57 Farm
11:04 Farm
12:05 Farm
13:55 Farm
15:55 Farm
15:57 Farm
18:26 Gryphon Aviary
18:29 Gryphon Aviary
20:32 Town Hall
20:34 Scout Tower
20:45 Scout Tower
20:47 Scout Tower
20:50 Scout Tower
» items
| Scroll of Regeneration | 4 | |
| Boots of Speed | 1 | |
| Circlet of Nobility | 1 | |
| Orb of Fire | 1 | |
| Lesser Clarity Potion | 1 | |
| Scroll of Town Portal | 1 | |
9 total
evotitan (
orange | 27 APM | 578 actions | 21:26)
5 Shadow Hunter
3 Healing Wave
2 Hex
» actions
| Basic commands | 9 | |
| Build / train | 54 | |
| Enter build submenu | 16 | |
| Enter hero's abilities submenu | 5 | |
| Right click | 331 | |
| Select / deselect | 135 | |
| Use ability | 28 | |
578 total
» units
| Peon | 7 | |
| Wind Rider | 12 | |
| Troll Batrider | 14 | |
33 total
» upgrades
| Pillage | 1 | |
| Armor | 3 | |
| Ranged Weapons | 3 | |
| Spiked Barricades | 2 | |
| Envenomed Spears | 1 | |
| Liquid Fire | 1 | |
| Reinforced Defenses | 1 | |
12 total
» buildings
| Altar of Storms | 1 | |
| Orc Burrow | 9 | |
| War Mill | 1 | |
| Stronghold | 1 | |
| Beastiary | 1 | |
| Voodoo Lounge | 1 | |
| Fortress | 1 | |
15 total
» build order
00:08 Altar of Storms
00:11 Orc Burrow
01:10 War Mill
03:09 Stronghold
03:24 Orc Burrow
04:50 Orc Burrow
05:50 Beastiary
05:55 Orc Burrow
06:53 Orc Burrow
07:50 Orc Burrow
08:56 Orc Burrow
09:48 Voodoo Lounge
09:57 Orc Burrow
10:04 Fortress
11:20 Orc Burrow
» items

»
Archangelo (
blue | 37 APM | 790 actions | 21:26)
7 Mountain King
3 Storm Bolt
3 Bash
1 Avatar
» actions
| Assign group hotkey | 12 | |
| Basic commands | 91 | |
| Build / train | 56 | |
| Enter build submenu | 24 | |
| Enter hero's abilities submenu | 8 | |
| Give item / drop item | 2 | |
| Right click | 117 | |
| Select / deselect | 192 | |
| Select group hotkey | 238 | |
| Use ability | 50 | |
790 total
» units
| Peasant | 12 | |
| Gryphon Rider | 16 | |
| Goblin Shredder | 1 | |
29 total
» upgrades
| Masonry | 3 | |
| Lumber Harvesting | 2 | |
| Swords | 3 | |
| Armor | 4 | |
| Storm Hammers | 1 | |
13 total
» buildings
| Altar of Kings | 1 | |
| Farm | 9 | |
| Lumber Mill | 1 | |
| Keep | 1 | |
| Scout Tower | 4 | |
| Guard Tower | 2 | |
| Blacksmith | 1 | |
| Castle | 1 | |
| Gryphon Aviary | 2 | |
| Town Hall | 1 | |
23 total
» build order
00:30 Altar of Kings
00:36 Farm
00:51 Lumber Mill
02:12 Keep
02:29 Scout Tower
02:38 Scout Tower
02:45 Guard Tower
02:52 Blacksmith
03:30 Scout Tower
03:32 Scout Tower
03:43 Farm
03:51 Farm
04:06 Guard Tower
04:35 Castle
05:53 Gryphon Aviary
06:35 Gryphon Aviary
07:29 Farm
07:41 Farm
08:06 Farm
08:09 Farm
10:06 Town Hall
10:58 Farm
11:43 Farm
» items
| Periapt of Vitality | 1 | |
| Potion of Lesser Invulnerability | 1 | |
2 total
Chat log
(00:16 / Allies) nlggerchamp: sup
(00:21 / Allies) ice_bird: plan?
(00:22 / Allies) evotitan: hey
(00:38 / Allies) nlggerchamp: I'm going early footies and gryphon banish bolt nuking later
(01:22 / Allies) ice_bird: i go rayders shaman
(01:30 / Allies) ice_bird: and tauren
(01:35 / Allies) ice_bird: what do u go?
(01:50 / Allies) evotitan: i got wyverns
(02:02 / Allies) ice_bird: fast?
(03:07 / Allies) nlggerchamp: ?
(03:16 / Allies) ice_bird: u killed ur units
(03:19 / Allies) nlggerchamp: that was purge
(03:26 / Allies) nlggerchamp: not me
(03:35 / Allies) ice_bird: yeah but same thing
(03:37 / Allies) nlggerchamp: lol
(03:41 / Allies) ice_bird: u could put ur hero away
(03:45 / Allies) nlggerchamp: do you even know what purge is?
(03:58 / Allies) ice_bird: yeah the thing he put around ur hero
(04:03 / Allies) nlggerchamp: "he"?
(04:07 / Allies) nlggerchamp: it was on my footies btw
(04:09 / Allies) nlggerchamp: not the hero
(04:14 / Allies) ice_bird: iok
(04:21 / Allies) Archangelo: woodpls
(07:20 / Allies) Archangelo: woodpls
(08:03 / Allies) nlggerchamp: I already said I am going gryphons earlier
(08:20 / Allies) ice_bird: wood plz
(10:45 / Allies) ice_bird: wood plz
(10:53 / Allies) ice_bird: i give u 1000 gold for 500 wood
(12:22 / Allies) ice_bird: all go
(12:31 / Allies) ice_bird: meet
(13:35 / All) skatefrogg: I FUCKING KLIO EV SHIT
(18:36 / All) skatefrogg: Raiders lol
(18:38 / All) skatefrogg: what a nab nab
(19:01 / Allies) ice_bird: block there
(19:56 / All) skatefrogg: fucking noob ass team sucks cock
(19:58 / All) nlggerchamp: bye
(19:59 / All) nlggerchamp: you suck too
(20:18 / All) nlggerchamp: your team had a wyrmbot
(20:20 / All) nlggerchamp: insta-gg
(21:14 / Allies) ice_bird: wood plz
(21:21 / Allies) ice_bird: dude wood me
(21:23 / Allies) ice_bird: and gold
(21:26 / Allies) ice_bird: im poor